 Dungeon Crawl Stone Soup version 0.32-a0-871-ge202e49faa (webtiles) character file.

Game seed: 18257468508190687330

3329 Autsider the Grappler (level 9, -4/89 HPs)
             Began as a Troll Fighter on Mar 29, 2024.
             Was a Follower of Wu Jian.
             Slain by a two-headed ogre
             ... wielding a +0 giant spiked club
              (26 damage)
             ... on level 8 of the Dungeon.
             The game lasted 00:21:55 (5577 turns).

Autsider the Grappler (Troll Fighter)               Turns: 5577, Time: 00:21:56

Health: -4/89      AC:  9    Str: 26    XL:     9   Next: 71%
Magic:  8/8        EV: 10    Int: 10    God:    Wu Jian [*.....]
Gold:   380        SH:  9    Dex: 13    Spells: 8/8 levels left

rFire   . .          .
                       - Unarmed
rCold   . . .        b - +0 kite shield
rNeg    . . .        F - +2 steam dragon scales
rPois   .            (helmet restricted)
rElec   .            q - scarf {shadows}
rCorr   .            (gloves unavailable)
SInv    .            (boots unavailable)
Will    .....        g - amulet of the acrobat
Stlth   +            v - +6 ring of intelligence
HPRegen 1.14/turn    m - ring of flight
MPRegen 0.11/turn

%: acrobat
@: flying
A: large, unfitting armour, claws 3, regeneration 1, shaggy fur 1, tough skin 1
a: Renounce Religion


You were on level 8 of the Dungeon.
You worshipped Wu Jian.
Wu Jian was aware of your devotion.
You visited 2 branches of the dungeon, and saw 9 of its levels.

You collected 380 gold pieces.

Inventory:

Missiles
 x - 2 throwing nets (quivered)
Armour
 a - a +0 robe
 b - a +0 kite shield (worn)
 q - a scarf of shadows (worn)
 F - +2 steam dragon scales (worn)
Jewellery
 g - an amulet of the acrobat (around neck)
 m - a ring of flight (right claw)
 v - a +6 ring of intelligence (left claw)
Wands
 s - a wand of charming (6)
 y - a wand of flame (16)
 H - a wand of digging (5)
Scrolls
 f - a scroll of teleportation {unknown}
 h - a scroll of brand weapon {unknown}
 k - a scroll of immolation {unknown}
 o - 3 scrolls of identify {unknown}
 r - 2 scrolls of fog {unknown}
 t - a scroll of enchant armour {unknown}
 u - a scroll of revelation {unknown}
 A - a scroll of blinking {unknown}
 B - 3 scrolls of amnesia {unknown}
 D - a scroll of enchant weapon {unknown}
 G - a scroll of torment {unknown}
Potions
 c - 2 potions of might
 d - 3 potions of lignification {unknown}
 e - a potion of attraction {unknown}
 i - 2 potions of enlightenment {unknown}
 j - a potion of resistance {unknown}
 l - 2 potions of berserk rage {unknown}
 n - a potion of invisibility {unknown}
 p - 2 potions of heal wounds {unknown}
 w - a potion of ambrosia {unknown}
 z - a potion of haste {unknown}
 C - 3 potions of curing {unknown}
 E - a potion of cancellation {unknown}


   Skills:
 + Level 5.7 Fighting
 + Level 5.7 Dodging
 + Level 6.2 Shields
 * Level 9.1 Unarmed Combat


You had 8 spell levels left.
You didn't know any spells.
Your spell library contained the following spells:

 Spells                   Type           Power      Damage    Failure   Level
 Slow                     Hex            0%         N/A       56%         1
 Confusing Touch          Hex            0%         N/A       91%         3
 Frozen Ramparts          Ice            0%         1d1       91%         3
 Ozocubu's Armour         Ice            0%         N/A       91%         3
 Vampiric Draining        Necr           0%         2d6       91%         3
 Metabolic Englaciation   Hex/Ice        0%         N/A       100%        5


Dungeon Overview and Level Annotations

Branches:
Dungeon (8/15)             Temple (1/1) D:5
   Lair: D:8-11

Altars:
Ashenzari
Cheibriados
Dithmenos
Elyvilon
Fedhas
Gozag
Hepliaklqana
Kikubaaqudgha
Makhleb
Nemelex Xobeh
Okawaru
Qazlal
Ru
Sif Muna
Trog
Uskayaw
Vehumet
Wu Jian
Xom
Yredelemnul
Zin
The Shining One

Shops:
D:1 *


Innate Abilities, Weirdness & Mutations

You are too large for most types of armour.
You have claws for hands.
Your natural rate of healing is unusually fast.
You are covered in fur. (AC +1)
You have tough skin. (AC +1)


Message History

You spin and attack the acid dragon repeatedly.
You barely miss the acid dragon.
The acid dragon is moderately wounded.
You barely miss the acid dragon.
The acid dragon is moderately wounded.
The acid dragon bites you.
* * * LOW HITPOINT WARNING * * *
The acid dragon claws you but does no damage.
You closely miss the acid dragon.
The acid dragon is moderately wounded.
The acid dragon bites you but does no damage.
The acid dragon claws you but does no damage.
You claw the acid dragon!
The acid dragon is severely wounded.
The acid dragon bites you!
* * * LOW HITPOINT WARNING * * *
The acid dragon claws you but does no damage.
You claw the acid dragon!
You kill the acid dragon!
The Council accepts your kill.
The acid dragon scales are intact enough to wear.
You spin and attack the two-headed ogre.
You scratch the two-headed ogre.
The two-headed ogre is lightly wounded.
You block the two-headed ogre's attack.
The two-headed ogre hits you with a +0 giant club!
* * * LOW HITPOINT WARNING * * *
Things that are here:
a +0 falchion; an orc corpse You spin and attack the two-headed ogre.
You mangle the two-headed ogre!!
The two-headed ogre is heavily wounded.
The two-headed ogre misses you.
The two-headed ogre hits you with a +0 giant club.
* * * LOW HITPOINT WARNING * * *
You spin and attack the two-headed ogre.
You scratch the two-headed ogre.
The two-headed ogre is heavily wounded.
The two-headed ogre hits you with a +0 giant spiked club!!
You die...

.. #.# #.# #.## #.### #.#
#.###... ##... #.#
#.......
###...########.####.###...
#...#..)............###...
#..)##[#.###............
##.#)).....######.####..
#....?..(.# #.# #.#
###..O@...### #.# #.#
#.......... ... ...
#.......### ### ##
#.......# #.......#
#########


You could see a two-headed ogre.

Vanquished Creatures
  Maggie (D:7)
  Grinder (D:5)
  A steam dragon (D:7)
  A water moccasin (D:7)
  An acid dragon (D:8)
  Duvessa (D:5)
  A black bear (D:7)
  3 orc warriors
  An ogre (D:4)
  A centaur (D:7)
  Blork the orc (D:4)
  2 kobold brigands (D:7)
  4 scorpions
  4 wights (D:7)
  Dowan (D:5)
  3 howler monkeys
  2 bombardier beetles
  7 hounds
  2 jellies
  8 orc priests
  6 iguanas
  Ijyb (D:4)
  2 orc wizards (D:4)
  11 adders
  A gnoll (D:4)
  A shadow imp (D:6)
  2 white imps
  A dart slug (D:1)
  5 ribbon worms
  25 orcs
  10 endoplasms
  4 giant cockroaches
  17 goblins
  2 hobgoblins
  11 jackals
  5 quokkas
  11 ball pythons
  5 bats
  4 frilled lizards
  16 kobolds
  6 rats
192 creatures vanquished.

Notes
Turn   | Place    | Note
-------+----------+-------------------------------------------
     0 | D:1      | Autsider the Troll Fighter began the quest for the Orb.
     0 | D:1      | Reached XP level 1. HP: 22/22 MP: 0/0
    44 | D:1      | Reached XP level 2. HP: 28/29 MP: 1/1
   248 | D:1      | Found Calegh's General Store.
   455 | D:2      | Reached XP level 3. HP: 36/36 MP: 2/2
   568 | D:2      | Reached skill level 3 in Unarmed Combat
   820 | D:2      | Reached XP level 4. HP: 36/44 MP: 3/3
  1376 | D:3      | Reached XP level 5. HP: 53/53 MP: 4/4
  1440 | D:3      | Found a hide-covered altar of Uskayaw.
  1694 | D:3      | Reached skill level 4 in Unarmed Combat
  2014 | D:4      | Reached XP level 6. HP: 58/61 MP: 5/5
  2035 | D:4      | Found a blossoming altar of Fedhas.
  2035 | D:4      | Found a hazy altar of Hepliaklqana.
  2165 | D:4      | Noticed Blork the orc
  2183 | D:4      | Killed Blork the orc
  2569 | D:4      | Reached skill level 5 in Unarmed Combat
  2575 | D:4      | Reached XP level 7. HP: 44/67 MP: 6/6
  2681 | D:4      | Noticed Ijyb
  2694 | D:4      | Killed Ijyb
  2961 | D:5      | Entered Level 5 of the Dungeon
  3008 | D:5      | Noticed Dowan
  3012 | D:5      | Noticed Grinder
  3053 | D:4      | Reached skill level 6 in Unarmed Combat
  3097 | D:4      | Reached XP level 8. HP: 66/78 MP: 7/7
  3258 | D:5      | Paralysed by Grinder for 4 turns
  3268 | D:5      | Paralysed by Grinder for 2 turns
  3270 | D:5      | Killed Grinder
  3318 | D:5      | Found a staircase to the Ecumenical Temple.
  3326 | Temple   | Entered the Ecumenical Temple
  3334 | Temple   | Became a worshipper of the Wu Jian Council
  3353 | D:5      | Noticed Duvessa
  3365 | D:5      | Killed Duvessa
  3366 | D:5      | Reached skill level 5 in Shields
  3371 | D:5      | Killed Dowan
  3389 | D:5      | Reached skill level 7 in Unarmed Combat
  3693 | D:6      | Found a glowing golden altar of the Shining One.
  3848 | D:6      | Reached * piety under Wu Jian
  3941 | D:6      | Found a radiant altar of Vehumet.
  4317 | D:6      | Identified the +7 orcbow "Papuofic" {drain, Dex+4}
  4437 | D:6      | Reached skill level 5 in Dodging
  4500 | D:7      | Reached skill level 5 in Fighting
  4500 | D:7      | Reached XP level 9. HP: 64/88 MP: 8/8
  4516 | D:7      | Reached skill level 8 in Unarmed Combat
  4717 | D:7      | Noticed Maggie
  4732 | D:7      | Killed Maggie
  5505 | D:8      | Found a snail-covered altar of Cheibriados.
  5549 | D:8      | Noticed a two-headed ogre
  5556 | D:8      | Reached skill level 9 in Unarmed Combat
  5577 | D:8      | Slain by a two-headed ogre

Illustrated notes

Levels and vault maps discovered:
D:1:      minmay_arrival_wavy_path, layout_rooms, serial_shops, shop
D:2:      minmay_wonky_spiral, layout_basic, grunt_ministairs_12,
          minmay_shallow_snake_nest
D:3:      layout_basic, nicolae_overflow_crystal_walls
D:4:      kennysheep_goblin_castle, layout_cave_pods,
          gammafunk_temple_overflow_pools, uniq_blork_the_orc
D:5:      layout_rooms, minmay_temple_entry_antechambers, uniq_grinder,
          uniq_duvessa
D:6:      layout_gridville, lemuel_crystal_altar, tso_metal_star,
          grunt_ministairs_7
D:7:      layout_basic, nrook_mini_backslash, hangedman_glass_teeth,
          roderic_serpentine_path, minivault_27, uniq_maggie
D:8:      layout_loops_ring, cheibriados_altar_1, serial_shops,
          nicolae_shop_hallway_plus, uniq_prince_ribbit1, uniq_grum
Temple:   compressed_dpeg_triangle_lava_temple

Skill      XL: |  1  2  3  4  5  6  7  8  9 |
---------------+----------------------------+-----
Shields        | 3 4 5 6 |  6.2
Unarmed Combat | 3 4 5 6 7 9 |  9.1
Fighting       | 3 4 5 |  5.7
Dodging        | 3 4 5 |  5.7

Action                     |  1- 3 |  4- 6 |  7- 9 || total
---------------------------+-------+-------+-------++-------
  Melee: Unarmed           |    98 |   188 |   270 ||   556
Ability: Lunge             |       |       |    25 ||    25
         Whirlwind         |       |       |    73 ||    73
   Stab: Sleeping          |     2 |     1 |     1 ||     4
 Armour: Robe              |    48 |    96 |   105 ||   249
         Steam dragon scal |       |       |    21 ||    21
  Dodge: Dodged            |    31 |    67 |   106 ||   204
  Block: Kite shield       |    37 |    82 |   100 ||   219

Table legend: (Time is in decaauts)
 A = Elapsed time spent in this place.
 B = Non-inter-level travel time spent in this place.
 C = Inter-level travel time spent in this place.
 D = Time resting spent in this place.
 E = Time spent auto-exploring this place.
 F = Levels seen in this place.
 G = Mean time per level.
                   A        B        C        D        E       F      G
               +--------+--------+--------+--------+--------+-----+--------+
         Total |   5594 |   5269 |    325 |    190 |   3780 |   9 |  621.6 |
       Dungeon |   5577 |   5267 |    310 |    190 |   3780 |   8 |  697.1 |
        Temple |     16 |      1 |     15 |      0 |      0 |   1 |   16.0 |
               +--------+--------+--------+--------+--------+-----+--------+

Top non-repeatable levels by time:
     D:4: 1144 daAuts
     D:7: 1040 daAuts
     D:6: 813 daAuts
     D:2: 795 daAuts
     D:3: 742 daAuts
     D:5: 516 daAuts
     D:1: 454 daAuts
     D:8: 71 daAuts
  Temple: 16 daAuts
